 Dungeon Crawl Stone Soup version 0.31.0-32-g396128a36d (webtiles) character file.

Game seed: 15270643786002561919

676 skufidon the Ruffian (level 7, -5/66 HPs)
             Began as a Troll Fighter on Apr 13, 2024.
             Slain by a lemure (6 damage)
             ... led by Pikel
             ... on level 4 of the Dungeon.
             The game lasted 00:04:45 (2418 turns).

skufidon the Ruffian (Troll Fighter)                Turns: 2418, Time: 00:04:46

Health: -5/66      AC:  5    Str: 27    XL:     7   Next: 33%
Magic:  6/6        EV:  9    Int:  4    God:
Gold:   186        SH:  8    Dex:  9    Spells: 6/6 levels left

rFire   . .          .
                       - Unarmed
rCold   . . .        b - +0 kite shield
rNeg    . . .        a - +0 robe
rPois   .            (helmet restricted)
rElec   .            o - +0 cloak
rCorr   .            (gloves unavailable)
SInv    .            (boots unavailable)
Will    .....        (no amulet)
Stlth   +            (no ring)
HPRegen 1.11/turn    (no ring)
MPRegen 0.10/turn

%: no passive effects
@: no status effects
A: large, unfitting armour, claws 3, regeneration 1, shaggy fur 1, tough skin 1
a: no special abilities


You were on level 4 of the Dungeon.
You visited 1 branch of the dungeon, and saw 4 of its levels.

You collected 186 gold pieces.

Inventory:

Armour
 a - a +0 robe (worn)
 b - a +0 kite shield (worn)
 o - a +0 cloak (worn)
Jewellery
 j - a ring of protection from fire
 r - a ring of see invisible
Scrolls
 d - 2 scrolls of fear {unknown}
 f - 2 scrolls of enchant armour {unknown}
 g - a scroll of butterflies {unknown}
 h - a scroll of fog {unknown}
 k - a scroll of poison {unknown}
 n - a scroll of immolation {unknown}
 q - a scroll of teleportation {unknown}
 s - a scroll of acquirement {unknown}
 t - a scroll of enchant weapon {unknown}
 u - a scroll of identify {unknown}
 v - 3 scrolls of amnesia {unknown}
Potions
 c - 3 potions of might
 e - 2 potions of mutation {unknown}
 i - 2 potions of enlightenment {unknown}
 l - a potion of berserk rage {unknown}
 m - 3 potions of haste {unknown}
 p - a potion of degeneration {unknown}


   Skills:
 + Level 2.9 Fighting
 + Level 4.0 Dodging
 + Level 0.6 Stealth
 + Level 4.0 Shields
 + Level 6.0 Unarmed Combat


You had 6 spell levels left.
You didn't know any spells.
Your spell library contained the following spells:

 Spells                   Type           Power      Damage    Failure   Level
 Summon Small Mammal      Summ           0%         N/A       75%         1
 Call Canine Familiar     Summ           0%         N/A       98%         3
 Summon Blazeheart Golem  Fire/Summ      0%         N/A       100%        4


Dungeon Overview and Level Annotations

Branches:
Dungeon (4/15)
 Temple: D:4-7

Altars:
Cheibriados
Wu Jian

Portals:
Sewer: D:4

Annotations:
D:4 Pikel


Innate Abilities, Weirdness & Mutations

You are too large for most types of armour.
You have claws for hands.
Your natural rate of healing is unusually fast.
You are covered in fur. (AC +1)
You have tough skin. (AC +1)


Message History

Pikel is wielding a +1 whip of flaming, wearing a +1 robe of fire resistance and carrying a wand of paralysis.
The lemure shouts!
You hear a shout!
A lemure comes into view.
You block the bombardier beetle's attack.
Pikel shouts!
You claw the bombardier beetle!
The bombardier beetle is severely wounded.
The lemure completely misses you.
You scratch the bombardier beetle.
The bombardier beetle is almost dead.
The lemure hits you. You block the lemure's attack.
The bombardier beetle sprays incendiary fluid at you.
You block the burning spray.
You mangle the bombardier beetle!!
You kill the bombardier beetle!
The lemure barely misses you. The lemure hits you but does no damage.
Your Dodging skill increases to level 4!
Your Shields skill increases to level 4!
Your Unarmed Combat skill increases to level 6!
The lemure barely misses you. The lemure hits you.
You see here a bombardier beetle corpse.
Pikel zaps a wand.
You suddenly lose the ability to move!
The lemure hits you! The lemure hits you. x2
Pikel hits you with a +1 whip of flaming!
Pikel burns you. The lemure hits you. x2
* * * LOW HITPOINT WARNING * * *
The lemure hits you but does no damage. The lemure completely misses you.
Pikel zaps a wand.
You resist with some effort.
The lemure hits you but does no damage. x2; The lemure hits you.
* * * LOW HITPOINT WARNING * * *
The lemure hits you.
* * * LOW HITPOINT WARNING * * *
You can move again.
Unknown command.
You barely miss Pikel. Pikel barely misses you. The lemure hits you.
* * * LOW HITPOINT WARNING * * *
The lemure hits you.
* * * LOW HITPOINT WARNING * * *
The lemure closely misses you. The lemure hits you.
You die...

#... #.#
###........
#..
#.....###..
#.....#
####.....###
#...........
##...........
#....K5_.....
#....@5......
#....55......
#.###.....###
..###. #
#.....#
#..... #
##.....#
#.#...
#.##.....##
.....
#....#####
##... ####.#
#.... #.#
..##.#.##


You could see Pikel and 4 lemures.

Vanquished Creatures
  Grinder (D:4)
  Sigmund (D:2)
  2 bombardier beetles
  A gnoll bouda (D:4)
  A hound (D:3)
  An iguana (D:4)
  3 gnolls (D:4)
  3 adders (D:3)
  3 dart slugs
  A ribbon worm (D:4)
  7 orcs
  11 ball pythons
  4 bats
  11 endoplasms
  3 giant cockroaches (D:4)
  6 goblins
  6 hobgoblins
  8 jackals
  5 quokkas
  2 frilled lizards (D:1)
  5 kobolds
  5 rats
90 creatures vanquished.

Notes
Turn   | Place    | Note
-------+----------+-------------------------------------------
     0 | D:1      | skufidon the Troll Fighter began the quest for the Orb.
     0 | D:1      | Reached XP level 1. HP: 22/22 MP: 0/0
   176 | D:1      | Reached XP level 2. HP: 29/29 MP: 1/1
   623 | D:2      | Reached XP level 3. HP: 36/36 MP: 2/2
   790 | D:2      | Reached skill level 3 in Unarmed Combat
   790 | D:2      | Reached XP level 4. HP: 43/44 MP: 3/3
   882 | D:2      | Noticed Sigmund
   905 | D:2      | Killed Sigmund
   906 | D:2      | Reached skill level 4 in Unarmed Combat
   906 | D:2      | Reached XP level 5. HP: 5/52 MP: 4/4
  1246 | D:3      | Reached XP level 6. HP: 59/59 MP: 5/5
  1424 | D:3      | Found a faded altar of an unknown god.
  2097 | D:4      | Found a glowing drain.
  2207 | D:4      | Found an ornate altar of the Wu Jian Council.
  2287 | D:4      | Reached skill level 5 in Unarmed Combat
  2363 | D:4      | Noticed Grinder
  2367 | D:4      | Paralysed by Grinder for 2 turns
  2375 | D:4      | Killed Grinder
  2376 | D:4      | Reached XP level 7. HP: 56/66 MP: 6/6
  2406 | D:4      | Found a snail-covered altar of Cheibriados.
  2409 | D:4      | Noticed Pikel
  2414 | D:4      | Reached skill level 6 in Unarmed Combat
  2415 | D:4      | Paralysed by Pikel for 3 turns
  2418 | D:4      | HP: 1/66 [lemure[Pikel] (5)]
  2418 | D:4      | Slain by a lemure

Illustrated notes

Levels and vault maps discovered:
D:1:      dpeg_arrival_tiny_k, layout_basic
D:2:      layout_rooms, uniq_sigmund
D:3:      layout_loops_ring, basic_ecumenical_altar
D:4:      layout_loops_ring, mainiacjoe_overflow_24_doors, slow_altar_1,
          portal_sewer_entry_f, nicolae_letterblocks [nicolae_letter_subblock,
          nicolae_letter_subblock, nicolae_letter_subblock,
          nicolae_letter_subblock, nicolae_letter_subblock,
          nicolae_letter_subblock, nicolae_letter_subblock,
          nicolae_letter_subblock, nicolae_letter_subblock,
          nicolae_letter_subblock, nicolae_letter_subblock,
          nicolae_letter_subblock, nicolae_letter_subblock,
          nicolae_letter_subblock, nicolae_letter_subblock,
          nicolae_letter_subblock, nicolae_letter_subblock,
          nicolae_letter_subblock, nicolae_letter_subblock,
          nicolae_letter_subblock, nicolae_letter_subblock,
          nicolae_letter_subblock, nicolae_letter_subblock,
          nicolae_letter_subblock, nicolae_letter_subblock], uniq_eustachio,
          uniq_pikel, uniq_grinder

Skill      XL: |  1  2  3  4  5  6  7 |
---------------+----------------------+-----
Shields        | 3 4 |  4.0
Dodging        | 3 4 |  4.0
Unarmed Combat | 3 4 5 6 |  6.0
Fighting       | |  2.9
Stealth        | |  0.6

Action                     |  1- 3 |  4- 6 |  7- 9 || total
---------------------------+-------+-------+-------++-------
  Melee: Unarmed           |    73 |   116 |     4 ||   193
 Armour: Robe              |    41 |    91 |    17 ||   149
  Dodge: Dodged            |    24 |    62 |     6 ||    92
  Block: Kite shield       |    35 |    44 |     3 ||    82
